 Dungeon Crawl Stone Soup version 0.30.0-30-g96aa6591b8 (webtiles) character file.

Game seed: 1079266284421054208

2801 GloriousHammer the Thaumaturge (level 9, -5/57 HPs)
             Began as a Mummy Necromancer on June 23, 2023.
             Was an Elder of Kikubaaqudgha.
             Killed from afar by Maggie (45 damage)
             ... with a bolt of fire
             ... on level 7 of the Dungeon on June 30, 2023.
             The game lasted 00:34:10 (9322 turns).

GloriousHammer the Thaumaturge (Mummy Necromancer)  Turns: 9322, Time: 00:34:11

Health: -5/57      AC:  3    Str: 11    XL:     9   Next: 44%
Magic:  14/23      EV: 12    Int: 18    God:    Kikubaaqudgha [****..]
Gold:   476        SH:  5    Dex: 13    Spells: 9/28 levels left

rFire   x . .        b - staff of earth
rCold   + . .        (no shield)
rNeg    + + +        n - +0 robe
rPois   ∞            (no helmet)
rElec   .            (no cloak)
rCorr   .            m - +0 pair of gloves
SInv    +            (no boots)
Will    +....        s - amulet of reflection
Stlth   ++           v - ring of see invisible
HPRegen 0.29/turn    (no ring)
MPRegen 0.18/turn

%: reflection, faith
@: very slightly contaminated
A: cold resistance 1, negative energy resistance 3, torment resistance 2, heat
vulnerability 1, in touch with death 1, no potions, faith
a: Renounce Religion, Unearth Wretches


You were on level 7 of the Dungeon.
You worshipped Kikubaaqudgha.
Kikubaaqudgha was greatly pleased with you.
You visited 1 branch of the dungeon, and saw 7 of its levels.

You collected 476 gold pieces.

Inventory:

Hand Weapons
 a - a +2 hand axe of venom
 f - a +0 halberd
 k - a +0 morningstar
 p - a +0 sling
Missiles
 d - 4 curare-tipped darts
 j - 6 boomerangs (quivered)
 B - 3 poisoned darts
 C - a boomerang of dispersal
 D - 2 javelins
Armour
 m - a +0 pair of gloves (worn)
 n - a +0 robe (worn)
 w - an orb of energy
Magical Staves
 b - a staff of earth (weapon)
Jewellery
 s - an amulet of reflection (around neck)
 v - a ring of see invisible (left hand)
 x - an amulet of the acrobat
Wands
 z - a wand of flame (17)
Scrolls
 c - 6 scrolls of teleportation
 e - a scroll of enchant weapon
 g - a scroll of fog
 h - 4 scrolls of poison
 i - 2 scrolls of magic mapping {unknown}
 l - a scroll of summoning {unknown}
 o - a scroll of torment {unknown}
 q - 2 scrolls of immolation
 r - a scroll of vulnerability {unknown}
 t - a scroll of fear {unknown}
 u - 2 scrolls of blinking
 y - a scroll of amnesia {unknown}
 A - a scroll of enchant armour {unknown}
 I - a scroll of identify


   Skills:
 - Level 1.7 Dodging
 - Level 1.7 Stealth
 + Level 10.2 Spellcasting
 + Level 9.2 Necromancy
 + Level 4.6 Earth Magic


You had 9 spell levels left.
You knew the following spells:

 Your Spells              Type           Power      Damage    Failure   Level
a - Necrotise             Necr           100%       1d9       1%          1
b - Animate Dead          Necr           59%        N/A       1%          4
c - Vampiric Draining     Necr           59%        2d10      1%          3
d - Kiss of Death         Conj/Necr      100%       2d13      1%          1
e - Agony                 Necr           59%        N/A       4%          5
f - Borgnjor's Vile Clut  Necr/Erth      33%        N/A       12%         5

Your spell library contained the following spells:

 Spells                   Type           Power      Damage    Failure   Level
 Apportation              Tloc           18%        N/A       8%          1
 Summon Small Mammal      Summ           36%        N/A       8%          1
 Ensorcelled Hibernation  Hex/Ice        18%        N/A       12%         2
 Anguish                  Hex/Necr       19%        N/A       12%         4
 Ozocubu's Armour         Ice            9%         N/A       24%         3
 Death Channel            Necr           29%        N/A       26%         6
 Simulacrum               Ice/Necr       19%        N/A       87%         6
 Metabolic Englaciation   Hex/Ice        4%         N/A       91%         5
 Spider Form              Tmut/Pois      Unusable   N/A       N/A         3

Dungeon Overview and Level Annotations

Branches:
Dungeon (7/15)             Temple (0/1) D:5

Altars:
Kikubaaqudgha
Nemelex Xobeh

Annotations:
D:2 exclusion: downstairs
D:3 1 runed translucent door, exclusion: 2 downstairs, Kamnev09's ghost, amateur DEAE
D:4 Pikel
D:7 Maggie


Innate Abilities, Weirdness & Mutations

You are immune to poison.
Your flesh is cold resistant. (rC+)
You are immune to negative energy. (rN+++)
You are immune to unholy pain and torment.
You are vulnerable to heat. (rF-)
You are in touch with the powers of death.
You do not drink.
You have a special connection with the divine. (Faith)


Message History

Aim: a hornet (lightly wounded, 100% to hit)
You feel a strong surge of power!
Zombie hands grab the hornet.
The zombie hands constrict the hornet!
The hornet stings you.
The zombie hands constrict the hornet!
The hornet struggles to escape constriction. x2
Casting: Borgnjor's Vile Clutch (quite dangerous; 16% risk of failure)
Confirm with . or Enter, or press ? or * to list all spells.
You feel a surge of power!
You call upon the dead to rise.
The zombie hands constrict the hornet.
The hornet struggles to escape constriction.
The zombie hands constrict the hornet!
The hornet struggles to escape constriction. x2
The zombie hands constrict the hornet!
You kill the hornet!
Kikubaaqudgha accepts your kill.
Your Spellcasting skill increases to level 10!
Your Necromancy skill increases to level 9!
There is an open door here.
Items here: )) [[ ÷.
HP restored.
Magic restored.
There is an open door here.
Found a stone staircase leading up.
Your reaping aura is weakening.
Your reaping aura expires.
There is a stone staircase leading up here.
Found a pair of gloves.
h - 3 scrolls of poison (gained 1)
You swap places.
You swap places.
You swap places.
h - 4 scrolls of poison (gained 1)
You swap places.
You swap places.
Found a scale mail.
A gnoll comes into view. It is wielding a +0 whip.
You see here 9 gold pieces.
A gnoll comes into view. It is wielding a +0 flail.
The gnoll shouts!
You hear a shout!
The gnoll moves out of view.
A gnoll bouda comes into view. It is wielding a +0 club.
Casting: Animate Dead (dangerous; 1% risk of failure)
Confirm with . or Enter, or press ? or * to list all spells.
You feel a surge of power!
You dismiss your zombies and call upon the dead to rise afresh.
Your hornet zombie crumbles into dust!
A gnoll comes into view. It is wielding a +0 club.
The gnoll bouda barks out a call to the hunt!
The gnolls pick up the pace!
You hear a shout!
You hear an angry hiss.
Casting: Animate Dead (dangerous; 1% risk of failure)
Confirm with . or Enter, or press ? or * to list all spells.
Aiming: Borgnjor's Vile Clutch (quite dangerous; 14% risk of failure)
Press: ? - help, Shift-Dir - straight line, f - gnoll bouda
Aim: a gnoll bouda, wielding a +0 club and wearing a +0 leather armour (100% to hit)
You feel a strong surge of power!
Zombie hands grab the gnoll. x2; Zombie hands grab the gnoll bouda.
The zombie hands constrict the gnoll bouda.
The zombie hands constrict the gnoll! x2
The gnoll struggles to escape constriction. x2
The gnoll bouda struggles to escape constriction.
The zombie hands constrict the gnoll bouda!
The zombie hands constrict the gnoll.
The zombie hands constrict the gnoll!
You kill the gnoll!
Kikubaaqudgha accepts your kill.
The dead are walking!
The gnoll struggles to escape constriction.
The gnoll bouda struggles to escape constriction.
The zombie hands constrict the gnoll bouda!
The zombie hands constrict the gnoll.
You kill the gnoll!
Kikubaaqudgha accepts your kill.
A water moccasin comes into view.
A gnoll comes into view. It is wielding a +0 spear.
The gnoll bouda struggles to escape constriction.
The water moccasin moves out of view.
The zombie hands constrict the gnoll bouda!
You kill the gnoll bouda!
Kikubaaqudgha accepts your kill.
The gnoll hits your gnoll zombie with a +0 spear!
Your gnoll zombie barely misses the gnoll.
The gnoll hits your gnoll zombie with a +0 spear.
Casting: Borgnjor's Vile Clutch (quite dangerous; 13% risk of failure)
Confirm with . or Enter, or press ? or * to list all spells.
Aiming: Borgnjor's Vile Clutch (quite dangerous; 13% risk of failure)
Press: ? - help, Shift-Dir - straight line, f - water moccasin
Aim: a water moccasin (100% to hit)
You feel a strong surge of power!
You miscast Borgnjor's Vile Clutch.
You are very lightly contaminated with residual magic.
Kikubaaqudgha protects you from your miscast necromantic spell!
Your gnoll zombie closely misses the gnoll.
The gnoll hits your gnoll zombie with a +0 spear!
Your gnoll zombie is destroyed!
The gnoll hits you with a +0 club.
Casting: Borgnjor's Vile Clutch (quite dangerous; 13% risk of failure)
Confirm with . or Enter, or press ? or * to list all spells.
Aiming: Borgnjor's Vile Clutch (quite dangerous; 13% risk of failure)
Press: ? - help, Shift-Dir - straight line, f/p - water moccasin
Aim: a water moccasin (100% to hit)
You feel a strong surge of power!
Zombie hands grab the gnoll. x2; Zombie hands grab the water moccasin.
The zombie hands constrict the water moccasin!
The zombie hands constrict the gnoll.
The zombie hands constrict the gnoll!
You kill the gnoll!
Kikubaaqudgha accepts your kill.
You hear a shout!
The water moccasin struggles to escape constriction.
Your gnoll zombie hits the water moccasin.
The gnoll hits you with a +0 club.
The water moccasin bites your gnoll zombie.
You hit the gnoll but do no damage.
The gnoll is heavily wounded.
The zombie hands constrict the water moccasin!
The zombie hands constrict the gnoll!
You kill the gnoll!
Kikubaaqudgha accepts your kill.
The water moccasin bites your gnoll zombie.
The dead are walking!
Something hits your gnoll zombie.
Your gnoll zombie completely misses the water moccasin.
The zombie hands constrict the water moccasin!
You kill the water moccasin!
Kikubaaqudgha accepts your kill. Something hits your gnoll zombie.
You see here a +0 club.
A gnoll comes into view. It is wielding a +0 club.
Found 6 gold pieces.
The gnoll shouts!
The gnoll is no longer moving quickly.
You see here a +0 whip.
The gnoll hits your gnoll bouda zombie with a +0 club!
Your gnoll bouda zombie barely misses the gnoll.
The gnoll hits your gnoll bouda zombie with a +0 club.
Your gnoll bouda zombie hits the gnoll.
Your water moccasin zombie bites the gnoll.
The gnoll hits your gnoll bouda zombie with a +0 club!
Your gnoll bouda zombie is destroyed!
Your water moccasin zombie bites the gnoll.
Your gnoll zombie hits the gnoll. x2
You see here a +0 spear.
The gnoll hits your gnoll zombie with a +0 club!
Your gnoll zombie is destroyed!
Your gnoll zombie hits the gnoll.
The gnoll dies!
Kikubaaqudgha accepts your kill.
Found a stone staircase leading down.
You see here a +0 flail.
You now have 467 gold pieces (gained 6).
Your magical contamination has completely faded away.
Your reaping aura is weakening.
Your reaping aura expires.
You now have 476 gold pieces (gained 9).
You swap places.
Maggie the Vainglorious comes into view.
She is wielding a +0 long sword.
Maggie shouts!
Maggie is nearby!
Casting: Borgnjor's Vile Clutch (quite dangerous; 12% risk of failure)
Confirm with . or Enter, or press ? or * to list all spells.
Aiming: Borgnjor's Vile Clutch (quite dangerous; 12% risk of failure)
Press: ? - help, Shift-Dir - straight line, f - Maggie
Aim: Maggie, wielding a +0 long sword and wearing +0 swamp dragon scales (100% to hit)
You feel a strong surge of power!
You miscast Borgnjor's Vile Clutch.
You are very lightly contaminated with residual magic.
You are hit by flying rocks.
You swap places.
Your water moccasin zombie barely misses Maggie.
Your gnoll zombie hits Maggie but does no damage.
You swap places.
Your water moccasin zombie closely misses Maggie.
Your gnoll zombie hits Maggie but does no damage.
Maggie hits your gnoll zombie with a +0 long sword.
Your water moccasin zombie bites Maggie but does no damage.
Your gnoll zombie hits Maggie but does no damage.
Maggie hits your gnoll zombie with a +0 long sword!
Your gnoll zombie misses Maggie.
Your water moccasin zombie closely misses Maggie.
Casting: Borgnjor's Vile Clutch (quite dangerous; 12% risk of failure)
Confirm with . or Enter, or press ? or * to list all spells.
Aiming: Borgnjor's Vile Clutch (quite dangerous; 12% risk of failure)
Press: ? - help, Shift-Dir - straight line, f/p - Maggie
Aim: Maggie, wielding a +0 long sword and wearing +0 swamp dragon scales (ally target, 100% to hit)
You feel a strong surge of power!
You miscast Borgnjor's Vile Clutch.
The floor shifts beneath you alarmingly.
Your gnoll zombie closely misses Maggie.
Your water moccasin zombie barely misses Maggie.
Maggie hits your gnoll zombie with a +0 long sword.
Your gnoll zombie is destroyed!
Your water moccasin zombie barely misses Maggie.
Your gnoll zombie hits Maggie but does no damage.
Maggie points at you and mumbles some strange words.
The bolt of fire hits your gnoll zombie!!
Your gnoll zombie is destroyed!
The bolt of fire hits you!!! The fire burns you terribly!
Ouch! That really hurt!
You die...
Kikubaaqudgha rasps: "You have failed me!
Welcome... oblivion!"

#......# ♣♣..
###########.#♣♣♣♣..P ...#
#.#......P
#.#####.#########♣♣♣♣... ########
#.##..Z@Z....# ♣♣.. #>.Z...#
#.##.##.#.#### ###
...###Z###.......#.# ♣.♣ ♣
..........#......#.# ♣.♣ ♣♣♣♣♣♣
.....#Z##.#.#.##@#.#♣♣.♣♣ ♣.....
.......##.#.#.##.#.#♣...♣ ♣.....
..........Z...##.#.#♣...♣ ♣..+##
....#.###.#.####.#.#♣...♣ ♣..#..
..))#)###.....##.#.#♣...♣#♣♣..#!.
###.).)).........#............#..
###.###..........#♣...♣#♣♣..#..
#.# #.....####.#♣...♣ ♣..#.. #.#
#.....# #.#♣...♣ ♣..+##


You could see Maggie (ally target), a friendly water moccasin zombie and a
friendly gnoll zombie.

Vanquished Creatures
  2 hornets (D:7)
  Sigmund (D:6)
  A yak (D:7)
  3 water moccasins (D:7)
  2 sky beasts (D:7)
  3 ice beasts
  A black bear (D:5)
  A boggart (D:7)
  2 phantoms
  3 scorpions
  2 howler monkeys
  A gnoll bouda (D:7)
  2 jellies
  An orc priest (D:2)
  3 hounds (D:5)
  6 iguanas
  3 orc wizards
  A sky beast zombie (D:7)
  10 gnolls
  11 adders
  3 worms
  A dart slug (D:2)
  24 orcs
  A ball python (D:2)
  5 endoplasms
  3 giant cockroaches
  9 goblins
  7 hobgoblins
  6 jackals
  A quokka (D:2)
  3 bats
  2 frilled lizards
  9 kobolds
  6 rats
139 creatures vanquished.

Vanquished Creatures (collateral kills)
  An ogre (D:7)
  A lemure (D:4)
  2 jellies
  An iguana (D:5)
  An orc wizard (D:7)
  A gnoll (D:7)
  A worm (D:2)
  2 orcs
  A goblin (D:6)
  2 hobgoblins
  A frilled lizard (D:1)
14 creatures vanquished.

Vanquished Creatures (others)
  A boggart zombie (D:7)
  2 scorpion zombies
  An ice beast zombie (D:7)
  A hound zombie (D:5)
  A howler monkey zombie (D:5)
  4 adder zombies
  2 iguana zombies
  A jelly zombie (D:5)
  7 gnoll zombies
  A hobgoblin zombie (D:6)
  16 orc zombies
37 creatures vanquished.

Grand Total: 190 creatures vanquished

Notes
Turn   | Place    | Note
-------+----------+-------------------------------------------
     0 | D:1      | GloriousHammer the Mummy Necromancer began the quest for
                  | the Orb.
     0 | D:1      | Reached XP level 1. HP: 13/13 MP: 4/4
    94 | D:1      | Upgraded the game from 0.30.0-29-ga12c61a403 to
                  | 0.30.0-30-g96aa6591b8
   318 | D:1      | Reached skill level 3 in Spellcasting
   346 | D:1      | Reached XP level 2. HP: 19/19 MP: 3/6
   538 | D:1      | Found a faded altar of an unknown god.
   561 | D:1      | Prayed at the altar of an unknown god.
   561 | D:1      | Became a worshipper of Kikubaaqudgha
   561 | D:1      | Reached * piety under Kikubaaqudgha
   561 | D:1      | Received a gift from Kikubaaqudgha
   564 | D:1      | Learned a level 1 spell: Kiss of Death
  1145 | D:1      | You fall into a shaft and drop 1 floor!
  1942 | D:2      | Gained mutation: You are in touch with the powers of death.
                  | [Mummy growth]
  1942 | D:2      | Reached XP level 3. HP: 15/17 MP: 4/8
  2153 | D:2      | Reached skill level 4 in Spellcasting
  2157 | D:2      | Learned a level 3 spell: Vampiric Draining
  2268 | D:2      | Reached XP level 4. HP: 25/25 MP: 6/10
  2275 | D:2      | Learned a level 4 spell: Animate Dead
  2337 | D:2      | Reached ** piety under Kikubaaqudgha
  2764 | D:2      | Reached skill level 5 in Necromancy
  3858 | D:3      | Reached XP level 5. HP: 35/35 MP: 10/12
  4496 | D:3      | Noticed Kamnev09's ghost (amateur DEAE)
  4503 | D:3      | Found a runed translucent door.
  4503 | D:3      | Noticed an ice beast
  4887 | D:3      | Reached skill level 5 in Spellcasting
  5484 | D:4      | Noticed a lemure
  5549 | D:4      | Killed a lemure
  5700 | D:4      | Noticed a lemure
  5811 | D:4      | Noticed Pikel
  5811 | D:4      | Noticed a lemure
  5985 | D:4      | Learned a level 5 spell: Agony
  6097 | D:4      | Noticed a lemure
  6174 | D:4      | Reached XP level 6. HP: 30/41 MP: 1/14
  6321 | D:4      | Reached skill level 6 in Spellcasting
  6449 | D:5      | Entered Level 5 of the Dungeon
  6578 | D:5      | Found a staircase to the Ecumenical Temple.
  6743 | D:5      | Reached *** piety under Kikubaaqudgha
  6743 | D:5      | Received a gift from Kikubaaqudgha
  6775 | D:5      | Reached XP level 7. HP: 45/46 MP: 11/17
  6804 | D:5      | Found a sparkling altar of Nemelex Xobeh.
  7084 | D:5      | Reached skill level 7 in Spellcasting
  7205 | D:5      | Learned a level 5 spell: Borgnjor's Vile Clutch
  7574 | D:6      | Reached skill level 1 in Earth Magic
  7716 | D:6      | Noticed Sigmund
  7730 | D:6      | Killed Sigmund
  7731 | D:6      | Reached skill level 8 in Spellcasting
  7731 | D:6      | Reached XP level 8. HP: 37/52 MP: 13/20
  7974 | D:6      | Reached **** piety under Kikubaaqudgha
  8569 | D:7      | Reached skill level 9 in Spellcasting
  8714 | D:7      | Reached XP level 9. HP: 46/57 MP: 7/22
  8963 | D:7      | Reached skill level 10 in Spellcasting
  9316 | D:7      | Noticed Maggie
  9322 | D:7      | Killed from afar by Maggie

Illustrated notes

Levels and vault maps discovered:
D:1:      lemuel_arrival_cross, layout_basic,
          shapermc_ecumenical_altar_starsandcircs, patterned_corridor
D:2:      layout_rooms
D:3:      layout_basic, ebering_ghost_inner_flame
D:4:      layout_loops_ring, kennysheep_cross_room, minmay_misc_feat_tiny,
          uniq_pikel
D:5:      minmay_razor_zed, layout_cave_pools, kennysheep_mini_moat,
          lemuel_temple_firewalk_b, chequers_decorated_corner,
          grunt_decor_one_mirror
D:6:      corexii_shack_village, layout_rooms, uniq_sigmund
D:7:      nzn_winding_woodlands_cross [nzn_winding_woodlands_5x15_crooked,
          nzn_winding_woodlands_5x15_zeroes, nzn_winding_woodlands_5x15_garden,
          nzn_winding_woodlands_5x15_default,
          nzn_winding_woodlands_15x15_killbox], layout_loops_cross,
          grunt_temple_overflow_cloverleaf, dreamdust_princess_corridor,
          uniq_maggie

Skill      XL: |  1  2  3  4  5  6  7  8  9 |
---------------+----------------------------+-----
Spellcasting   | 3 4 5 6 8 9 10 | 10.2
Necromancy     | 5 6 7 8 9 |  9.2
Earth Magic    | 1 3 4 |  4.6
Dodging        | |  1.7
Stealth        | |  1.7

Action                     |  1- 3 |  4- 6 |  7- 9 || total
---------------------------+-------+-------+-------++-------
  Melee: Unarmed           |     6 |       |       ||     6
         Dagger            |    12 |    79 |   126 ||   217
         Mace              |     1 |       |       ||     1
         Punch             |       |       |     1 ||     1
         Hand axe          |       |       |     5 ||     5
         Staff             |       |       |     1 ||     1
   Fire: Sling             |       |     7 |       ||     7
  Throw: Boomerang         |       |     2 |       ||     2
   Cast: Necrotise         |    75 |    84 |    38 ||   197
         Kiss of Death     |     2 |       |       ||     2
         Vampiric Draining |     1 |    15 |     4 ||    20
         Animate Dead      |       |    10 |    13 ||    23
         Borgnjor's Vile C |       |       |    13 ||    13
 Invoke: Unearth Wretches  |       |       |     1 ||     1
    Use: Scroll            |       |       |     5 ||     5
   Stab: Sleeping          |     2 |       |     2 ||     4
         Paralysed         |       |       |     1 ||     1
 Armour: Robe              |     8 |    14 |    25 ||    47
  Dodge: Dodged            |    11 |    65 |    64 ||   140
  Block: Other             |       |       |    23 ||    23
         Reflection        |       |       |     1 ||     1
